 Dungeon Crawl Stone Soup version 0.29-a0-555-g3b24f45cc1 (webtiles) character file.

Game seed: 1413336523310590380

202 zishaf the Chucker (level 5, 0/45 HPs)
             Began as a Demigod Wanderer on June 7, 2022.
             Slain by a gnoll
             ... wielding a +0 spear of freezing
             ... led by a gnoll shaman
              (1 damage)
             ... on level 3 of the Dungeon.
             The game lasted 00:05:58 (2993 turns).

zishaf the Chucker (Demigod Wanderer)               Turns: 2993, Time: 00:05:58

Health: 0/45       AC:  4    Str: 11    XL:     5   Next: 25%
Magic:  18/18      EV: 15    Int: 18    God:
Gold:   228        SH:  0    Dex: 15    Spells: 5/6 levels left

rFire   . . .      SeeInvis .   a - +0 dagger (elec)
rCold   . . .      Faith    .   (no shield)
rNeg    . . .      Spirit   .   e - +0 robe
rPois   .          Reflect  .   n - +1 helmet
rElec   .          Harm     .   (no cloak)
rCorr   .          Rampage  .   (no gloves)
Will    .....                   (no boots)
Stlth   +.........              (no amulet)
HPRegen 0.15/turn               o - +4 ring of evasion
MPRegen 0.16/turn               i - ring of magical power

@: no status effects
A: high MP 1, forlorn, divine attributes
a: no special abilities


You were on level 3 of the Dungeon.
You visited 1 branch of the dungeon, and saw 4 of its levels.

You collected 228 gold pieces.

Inventory:

Hand Weapons
 a - a +0 dagger of electrocution (weapon)
 b - a +0 hunting sling
 c - a +0 dagger
 s - a +2 falchion
Missiles
 g - 15 poisoned darts (quivered)
Armour
 e - a +0 robe (worn)
 h - a +0 ring mail
 n - a +1 helmet (worn)
Jewellery
 i - a ring of magical power (right hand)
 o - a +4 ring of evasion (left hand)
Scrolls
 d - a scroll of fear
 j - 6 scrolls of teleportation
 p - a scroll of magic mapping
Potions
 f - 3 potions of flight
 l - 3 potions of haste
 q - 5 potions of curing
 t - a potion of degeneration {unknown}
 u - 2 potions of attraction {unknown}
 v - a potion of heal wounds {unknown}
 x - a potion of invisibility {unknown}


   Skills:
 + Level 3.0 Fighting
 - Level 3.0 Long Blades
 - Level 3.6 Throwing
 - Level 1.0 Spellcasting
 + Level 2.0 Conjurations
 + Level 3.0 Fire Magic


You had 5 spell levels left.
You knew the following spells:

 Your Spells              Type           Power      Damage    Failure   Level
c - Foxfire               Conj/Fire      40%        2x1d6     7%          1

Your spell library contained the following spells:

 Spells                   Type           Power      Damage    Failure   Level
 Shock                    Conj/Air       16%        1d4       13%         1
 Summon Small Mammal      Summ           0%         N/A       21%         1
 Ignite Poison            Fire/Tmut/Pois 4%         N/A       36%         3
 Call Canine Familiar     Summ           0%         N/A       52%         3
 Portal Projectile        Hex/Tloc       0%         N/A       52%         3
 Summon Guardian Golem    Hex/Summ       0%         N/A       52%         3
 Swiftness                Air            0%         N/A       52%         3
 Tukima's Dance           Hex            0%         N/A       52%         3
 Airstrike                Air            0%         N/A       89%         4
 Blade Hands              Tmut           0%         N/A       99%         5


Dungeon Overview and Level Annotations

Branches:
Dungeon (4/15)
 Temple: D:4-7


Innate Abilities, Weirdness & Mutations

You have an increased reservoir of magic. (+10% MP)
You shall have no god before yourself.
Your divine heritage dramatically boosts your attributes as you level up.


Message History

The gnoll is moderately wounded.
The gnoll misses you.
You barely miss the gnoll.
The gnoll is moderately wounded.
The gnoll hits you with a +0 spear of freezing.
* * * LOW HITPOINT WARNING * * *
The gnoll freezes you.
* * * LOW HITPOINT WARNING * * *
You hit the gnoll.
The gnoll is heavily wounded.
The gnoll hits you with a +0 spear of freezing.
* * * LOW HITPOINT WARNING * * *
The gnoll freezes you.
* * * LOW HITPOINT WARNING * * *
You hit the gnoll.
The gnoll is severely wounded.
The gnoll completely misses you.
You hit the gnoll but do no damage.
The gnoll is severely wounded.
The gnoll hits you but does no damage.
You hit the gnoll but do no damage.
The gnoll is severely wounded.
The gnoll misses you.
You hit the gnoll but do no damage.
The gnoll is severely wounded.
The gnoll closely misses you.
You hit the gnoll but do no damage.
The gnoll is severely wounded.
The gnoll misses you.
You hit the gnoll but do no damage.
The gnoll is severely wounded.
The gnoll barely misses you.
You closely miss the gnoll.
The gnoll is severely wounded.
You hit the gnoll.
The gnoll is almost dead.
The gnoll hits you with a +0 spear of freezing.
* * * LOW HITPOINT WARNING * * *
The gnoll freezes you.
You die...

..........#.#............_....#
..........#.#.......†.#.....###
.........##.#......§..#§...○#
...##...###.#.........###.###
#.#####..##.#####.###.....#
#..# ##.##.# ##.# ####### ##.#
#..#.# #..# ##.# ##.#.# #.##
##.# #...# #@# ...### ###.# #g#
.....### #.# ##.# #..#<..##
#.###..# ........###..##.##
.....##.........###
.....###.##.......##### ######
#....#.........#
###..#.........#


You could see a gnoll.

Vanquished Creatures
  A scorpion (D:4)
  An orc priest (D:3)
  Jessica (D:3)
  A gnoll (D:3)
  An adder (D:2)
  2 dart slugs
  6 orcs (D:3)
  2 bats
  3 endoplasms
  7 giant cockroaches
  5 goblins
  7 hobgoblins
  3 quokkas
  3 ball pythons
  6 frilled lizards
  5 kobolds
  4 rats
58 creatures vanquished.

Vanquished Creatures (collateral kills)
  An orc (D:4)
1 creature vanquished.

Vanquished Creatures (others)
  81 foxfires
81 creatures vanquished.

Grand Total: 140 creatures vanquished

Notes
Turn   | Place    | Note
-------+----------+-------------------------------------------
     0 | D:1      | zishaf the Demigod Wanderer began the quest for the Orb.
     0 | D:1      | zishaf set off with the following items: a +2 falchion, 10
                  | poisoned darts, a +0 dagger, a scroll of fear, a +0 robe;
                  | and the following spell memorised: Foxfire; and the
                  | following spells available to memorise: Ignite Poison
     0 | D:1      | Reached XP level 1. HP: 16/16 MP: 4/4
   206 | D:1      | Reached XP level 2. HP: 23/23 MP: 5/5
   947 | D:2      | Reached XP level 3. HP: 29/29 MP: 6/6
  2119 | D:3      | Noticed Jessica
  2140 | D:3      | Killed Jessica
  2141 | D:3      | Reached skill level 1 in Conjurations
  2141 | D:3      | Reached XP level 4. HP: 31/37 MP: 8/8
  2606 | D:4      | Noticed an orc warrior
  2614 | D:4      | Reached XP level 5. HP: 18/44 MP: 9/9
  2993 | D:3      | HP: 1/45 [gnoll/+0 spear of freezing[a gnoll shaman] (4)]
  2993 | D:3      | Slain by a gnoll

Illustrated notes

Levels and vault maps discovered:
D:1:      amcnicky_arrival_wind_blow, layout_rooms,
          shapermc_ecumenical_altar_pompeii, minmay_heptomino_d4
D:2:      layout_basic, basic_altar
D:3:      layout_rooms, grunt_qazlal_clouds, mainiacjoe_overflow_brackets,
          kennysheep_jessica_study
D:4:      layout_loops_cross, grunt_ministairs_15, uniq_grinder

Skill      XL: |  1  2  3  4  5 |
---------------+----------------+-----
Long Blades    | 3 |  3.0
Fighting       | 2 3 |  3.0
Fire Magic     | 2 3 |  3.0
Conjurations   | 1 2 |  2.0
Throwing       | |  3.6
Spellcasting   | |  1.0

Action                   |  1- 3 |  4- 6 || total
-------------------------+-------+-------++-------
Melee: Falchion          |    40 |       ||    40
       Dagger            |    39 |    52 ||    91
 Fire: Hunting sling     |    38 |     2 ||    40
 Cast: Foxfire           |    35 |     9 ||    44
  Use: Scroll            |       |     9 ||     9
 Stab: Sleeping          |     1 |       ||     1
Armor: Robe              |    20 |     7 ||    27
Dodge: Dodged            |    82 |    47 ||   129

Table legend: (Time is in decaauts)
 A = Elapsed time spent in this place.
 B = Non-inter-level travel time spent in this place.
 C = Inter-level travel time spent in this place.
 D = Time resting spent in this place.
 E = Time spent auto-exploring this place.
 F = Levels seen in this place.
 G = Mean time per level.
                   A        B        C        D        E       F      G
               +--------+--------+--------+--------+--------+-----+--------+
         Total |   2998 |   2812 |    186 |    298 |   1948 |   4 |  749.5 |
       Dungeon |   2998 |   2812 |    186 |    298 |   1948 |   4 |  749.5 |
               +--------+--------+--------+--------+--------+-----+--------+

Top non-repeatable levels by time:
     D:3: 1474 daAuts
     D:1: 883 daAuts
     D:2: 490 daAuts
     D:4: 151 daAuts
